 Dungeon Crawl Stone Soup version 0.21.0-3-g78d12a8 (webtiles) character file.

69 reaverb the Slasher (level 4, -2/25 HPs)
             Began as a Deep Elf Warper on Jan 13, 2018.
             Was an Initiate of Ru.
             Slain by a quokka (4 damage)
             ... on level 2 of the Dungeon.
             The game lasted 00:03:39 (1893 turns).

reaverb the Slasher (Deep Elf Warper)               Turns: 1893, Time: 00:03:40

Health: -2/25      AC:  3    Str:  8    XL:     4   Next: 2%
Magic:  8/10       EV: 12    Int: 18    God:    Ru [......]
Gold:   46         SH:  0    Dex: 15    Spells: 5/9 levels left

rFire    . . .     SeeInvis .   a - +0 falchion
rCold    . . .     Gourm    .   (no shield)
rNeg     . . .     Faith    .   b - +0 leather armour
rPois    .         Spirit   .   (no helmet)
rElec    .         Reflect  .   (no cloak)
rCorr    +         Harm     .   (no gloves)
MR       .....                  (no boots)
Stlth    +.........             (no amulet)
HPRegen  0.08/turn              m - ring of resist corrosion
MPRegen  0.12/turn              (no ring)

@: shrouded (expiring)
A: no striking features
a: Renounce Religion


You were on level 2 of the Dungeon.
You worshipped Ru.
Ru was noncommittal.
You were hungry.

You visited 1 branch of the dungeon, and saw 2 of its levels.

You collected 46 gold pieces.

Notes
Turn   | Place    | Note
-------+----------+-------------------------------------------
     0 | D:1      | reaverb the Deep Elf Warper began the quest for the Orb.
     0 | D:1      | Reached XP level 1. HP: 12/12 MP: 6/6
    59 | D:1      | Huge Dmg: 4 Dmg
   177 | D:1      | Huge Dmg: 4 Dmg
   182 | D:1      | Reached XP level 2. HP: 11/16 MP: 8/8
   411 | D:1      | Learned a level 2 spell: Blink
   414 | D:1      | Learned a level 2 spell: Shroud of Golubria
   683 | D:1      | Reached XP level 3. HP: 19/20 MP: 9/9
   942 | D:1      | Huge Dmg: 5 Dmg
  1579 | D:2      | Huge Dmg: 5 Dmg
  1804 | D:2      | Found a sacrificial altar of Ru.
  1812 | D:2      | Became a worshipper of Ru the Awakened
  1863 | D:2      | Huge Dmg: 5 Dmg
  1866 | D:2      | Huge Dmg: 4 Dmg
  1878 | D:2      | Huge Dmg: 3 Dmg
  1881 | D:2      | Reached XP level 4. HP: 11/25 MP: 8/10
  1887 | D:2      | Huge Dmg: 3 Dmg
  1889 | D:2      | Huge Dmg: 3 Dmg
  1890 | D:2      | HP: 2/25 [jackal (2)]
  1891 | D:2      | Huge Dmg: 2 Dmg
  1893 | D:2      | Slain by a quokka

Inventory:

Hand Weapons
 a - a +0 falchion (weapon)
 h - a +0 hunting sling
Missiles
 e - 5 tomahawks of dispersal (quivered)
 j - 2 tomahawks
Armour
 b - a +0 leather armour (worn)
Jewellery
 m - a ring of resist corrosion (left hand)
Scrolls
 d - 2 scrolls of blinking
 l - a scroll of teleportation
 n - a scroll of fog {unknown}
Potions
 g - a potion of haste {unknown}
 i - a potion of might {unknown}
Books
 c - a book of Spatial Translocations

   Spells                             Type                      Level
   a - Blink                          Translocation                2
   b - Shroud of Golubria             Charms/Translocation         2
   c - Lesser Beckoning               Translocation                3
   d - Gell's Gravitas                Translocation                3
   e - Teleport Other                 Translocation                3
   f - Passage of Golubria            Translocation                4
Comestibles
 f - 5 rations

Table legend:
 A = Turns spent in this place as a percentage of turns spent in the entire game.
 B = Non-inter-level travel turns spent in this place as a percentage of non-inter-level travel turns spent in the entire game.
 C = Inter-level travel turns spent in this place as a percentage of turns spent in this place.
 D = Turns resting spent in this place as a percentage of non-inter-level travel turns spent in this place.
 E = Turns spent auto-exploring this place as a percentage of non-inter-level travel turns spent in this place.
 F = Non-inter-level travel turns spent in this place divided by the number of levels of this place that you've seen.
                   A       B       C       D       E      F
               +-------+-------+-------+-------+-------+----------------------
         Total | 100.0 | 100.0 |   4.5 |  45.4 |  23.7 | 903.5
       Dungeon | 100.0 | 100.0 |   4.5 |  45.4 |  23.7 | 903.5
               +-------+-------+-------+-------+-------+----------------------


   Skills:
 - Level 1.5 Fighting
 * Level 3.9 Long Blades
 - Level 1.0 Throwing
 - Level 0.7 Armour
 - Level 2.4 Dodging
 - Level 3.0 Spellcasting
 - Level 0.1 Charms
 - Level 3.2 Translocations


You had 5 spell levels left.
You knew the following spells:

 Your Spells              Type           Power        Failure   Level  Hunger
a - Blink                 Tloc           N/A          9%          2    ##.....
b - Shroud of Golubria    Chrm/Tloc      #.........   17%         2    ##.....


Dungeon Overview and Level Annotations

Branches:
Dungeon (2/15)

Altars:
Ru


Message History

Found a sacrificial altar of Ru.
There is a sacrificial altar of Ru here.
You kneel at the altar of Ru.
Ru welcomes you!
You see here a ring mail.
A goblin comes into view. It is wielding a club.
The goblin shouts!
You hear an angry hiss.
You hear a bark!
The goblin unwields an uncursed club.
The goblin wields a hunting sling.
The goblin shoots a stone.
The stone hits you.
Things that are here:
a stone; 12 gold pieces; Huge Dmg: -25%(-5hp) hp: 75%(15hp) Unknown command.
The goblin shoots a stone.
The stone completely misses you.
You hit the goblin.
The goblin is moderately wounded.
The goblin unwields an uncursed hunting sling.
The goblin wields an uncursed club.
The goblin hits you with an uncursed club.
Huge Dmg: -20%(-4hp) hp: 60%(12hp)
You hit the goblin.
You kill the goblin!
A jackal comes into view.
Unknown command.
The jackal barks!
Things that are here:
an uncursed club; an uncursed hunting sling; 14 stones
h - an uncursed hunting sling A quokka and a jackal come into view.
Casting: Shroud of Golubria
Confirm with . or Enter, or press ? or * to list all spells.
Space distorts slightly along a thin shroud covering your body.
You are feeling hungry.
The jackal moves out of view.
The quokka moves out of view.
Your shroud begins to fray at the edges.
The jackal bites you but does no damage.
Things that are here:
a stone; 12 gold pieces The jackal bites you but does no damage.
You hit the jackal but do no damage. The jackal barely misses you.
You riposte.
You barely miss the jackal. You miss the jackal. The jackal bites you.
* * * LOW HITPOINT WARNING * * *
The jackal barely misses you.
Huge Dmg: -15%(-3hp) hp: 45%(9hp)
You hit the jackal but do no damage.
Your shroud unravels.
The jackal barely misses you.
Unknown command.
You hit the jackal.
The jackal is almost dead.
The jackal barely misses you.
You riposte.
You barely miss the jackal.
The jackal is almost dead.
The jackal bites you.
* * * LOW HITPOINT WARNING * * *
You barely miss the jackal.
The jackal is almost dead.
The jackal closely misses you.
You hit the jackal.
You kill the jackal!
You have reached level 4!
You feel clever.
You closely miss the jackal.
The jackal bites you but does no damage.
The jackal bites you.
* * * LOW HITPOINT WARNING * * *
Damage: -4%(-1hp) hp: 40%(10hp)
Casting: Shroud of Golubria
Confirm with . or Enter, or press ? or * to list all spells.
Space distorts slightly along a thin shroud covering your body.
The jackal bites you but does no damage.
You barely miss the jackal.
Your shroud bends the jackal's attack away. x2
You miss the jackal. The jackal barely misses you.
You closely miss the jackal. The jackal bites you.
* * * LOW HITPOINT WARNING * * *
The jackal bites you but does no damage.
Huge Dmg: -12%(-3hp) hp: 28%(7hp)
You closely miss the jackal. The jackal bites you.
* * * LOW HITPOINT WARNING * * *
Unknown command.
You hit the jackal but do no damage.
Your shroud bends the jackal's attack away.
The jackal bites you.
* * * LOW HITPOINT WARNING * * *
Huge Dmg: -12%(-3hp) hp: 16%(4hp)
You barely miss the jackal.
The jackal bites you but does no damage.
You closely miss the jackal.
Your shroud bends the jackal's attack away.
The jackal bites you.
* * * LOW HITPOINT WARNING * * *
Huge Dmg: -8%(-2hp) hp: 8%(2hp)
You hit the jackal.
The jackal is moderately wounded.
The jackal completely misses you.
You hit the jackal.
You kill the jackal!
Your shroud begins to fray at the edges.
You closely miss the quokka. The quokka bites you.
You die...

#. #.# #.# # #. #.####.#
.##.##.## #......#
........# ######.#
..#.##.)# #[# ......r.#
#.# ....###.# #.## #.#
##(###### #..# #
###...r@..# ##.#
.......####.# #.#
.####...###.##########.#
...................#.###
.##...###.########......
.......## #.# ###.### .
.########.# #.# #....#
#.# #.#### #.#


You could see a quokka.

Table legend:
 A = Kills in this place as a percentage of kills in entire the game.
 B = Kills by you in this place as a percentage of kills by you in the entire game.
 C = Kills by friends in this place as a percentage of kills by friends in the entire game.
 D = Other kills in this place as a percentage of other kills in the entire game.
 E = Experience gained in this place as a percentage of experience gained in the entire game.
 F = Experience gained in this place divided by the number of levels of this place that you have seen.
                   A       B       C       D       E      F
               +-------+-------+-------+-------+-------+----------------------
         Total | 100.0 | 100.0 |   N/A |   N/A | 100.0 |  49.5
       Dungeon | 100.0 | 100.0 |   N/A |   N/A | 100.0 |  49.5
               +-------+-------+-------+-------+-------+----------------------

Vanquished Creatures
  An adder (D:2)
  4 dart slugs
  3 leopard geckos (D:1)
  2 bats
  8 goblins
  6 hobgoblins
  6 jackals
  4 kobolds
  A ball python (D:1)
  3 frilled lizards (D:1)
  7 rats
45 creatures vanquished.

Action                   |  1- 3 |  4- 6 || total
-------------------------+-------+-------++-------
Melee: Falchion          |   150 |    11 ||   161
 Cast: Shroud of Golubri |     5 |     1 ||     6
  Use: Scroll            |     3 |       ||     3
  Eat: Chunk             |     3 |       ||     3
Armor: Leather armour    |    32 |     4 ||    36
Dodge: Dodged            |    98 |     2 ||   100
       Rpst.: Falchion   |    29 |       ||    29
